AoeStats
← kühlfrost

MegaRandom

508709557Analyzed
2v2 RM · 10d ago on Sep 23, 2026· 21m 46s· 4 players
Game mode
Random Map
Map size
Medium (4 player)
Population
200
Speed
Normal
Resources
Standard
Victory
Conquest
Starting age
Dark Age
Ending age
Imperial Age
RankedLock teamsTeams togetherTeam positionsShared explorationLock speedFull tech treeHidden civsTurbo modeCheats
Victory
Defeat
🇩🇪 Hindustanis · Germany
1128
+16
🇨🇭 Lithuanians · Switzerland
1127
+16
🇫🇷 Koreans · France
1138
-16
🇩🇪 Burmese · Germany
1134
-16
kühlfrost
5:48 Loom
10:50 Feudal Age
15:49 Castle Age
15:28 Double-Bit Axe
15:24 Horse Collar
15:43 Fletching
18:06 Wheelbarrow
19:39 Padded Archer Armor
21:46 Bodkin Arrow
Raobil53
10:23 Feudal Age
14:25 Castle Age
13:21 Double-Bit Axe
14:20 Scale Barding Armor
15:05 Bloodlines
18:03 Loom
18:26 Horse Collar
20:16 Husbandry
21:04 Forging
WiLLeX
6:23 Loom
11:14 Feudal Age
16:10 Castle Age
13:54 Horse Collar
14:19 Stone Mining
15:12 Gold Mining
17:58 Fletching
21:42 Fervor
DANSLESBOULES
11:34 Feudal Age
15:45 Castle Age
13:57 Double-Bit Axe
15:32 Forging
15:54 Horse Collar
20:17 Loom
Connection lost

Rejoining the realm…

Still unreachable

The connection could not be restored.

Session expired

The server has moved on; the page needs a fresh start.